 Dungeon Crawl Stone Soup version 0.30-a0-1075-gcd70e7a56d (webtiles) character file.

Game seed: 17754865310707207788

342432 graymark the Warrior (level 21, -6/178 (179) HPs)
             Began as a Demonspawn Fighter on Apr 15, 2023.
             Was the Champion of Okawaru.
             Killed from afar by an ironbound thunderhulk (66 damage)
             ... with a bolt of lightning
             ... on level 2 of the Vaults on Apr 25, 2023.
             The game lasted 04:59:25 (53420 turns).

graymark the Warrior (Demonspawn Fighter)          Turns: 53420, Time: 04:59:25

HP:   -6/178 (179)  AC: 24    Str: 23 (25) XL:     21   Next: 11%
MP:   33/33         EV: 17    Int: 14      God:    Okawaru [******]
Gold: 1211          SH: 27    Dex: 26      Spells: 19/20 levels left

rFire   + + +      SeeInvis +    C - +4 war axe (vamp)
rCold   + . .      Faith    .    b - +0 tower shield
rNeg    + . .      Spirit   .    K - +0 plate armour "Goxabbo" {-Cast rF+++ Will+ SInv}
rPois   .          Reflect  +    P - +2 hat {Int+3}
rElec   .          Rampage  .    t - +2 cloak
rCorr   .          NoCast   +    p - +0 pair of gloves
Will    +++..                    (boots unavailable) Stlth
                                 S - amulet of reflection
HPRegen 0.49/turn                H - ring "Nisk" {rC+ Will+ Dex+6}
MPRegen 0.23/turn                A - ring "Fajas" {rN+ Str+4 Dex+2}

@: lethally poisoned (-6 -> -16), studying Shields, lightly drained
A: hooves 3, thin metallic scales 2, foul stench 3, demonic magic 2, corrupting
presence 1
}: 2/15 runes: barnacled, gossamer
a: Renounce Religion, Heroism, Finesse, Duel


You were on level 2 of the Vaults.
You worshipped Okawaru.
Okawaru was exalted by your worship.
You visited 8 branches of the dungeon, and saw 36 of its levels.
You visited 1 bazaar.
You also visited: Sewer.

You collected 4355 gold pieces.
You spent 3144 gold pieces at shops.

Inventory:

Hand Weapons
 n - the +11 sling "Hudall" {antimagic, Dex+4}
   (You found it on level 2 of the Dungeon)

   Dex:       It affects your dexterity (+4).
 y - a +0 heavy war axe
 B - the +4 broad axe "Buhuplez" {drain, +Blink rCorr}
   (Okawaru gifted it to you on level 2 of the Spider Nest)

   +Blink:    It lets you blink.
   rCorr:     It protects you from acid and corrosion.
 C - a +4 vampiric war axe (weapon)
 O - the +9 flail of Beogh's Hope {flame, *Corrode rPois rC+++ Str+3}
   (You found it on level 2 of the Spider Nest)

   Str:       It affects your strength (+3).
   rC:        It renders you almost immune to cold.
   rPois:     It protects you from poison.
   *Corrode:  It may corrode you when you take damage.
 Z - a +4 war axe of flaming
Missiles
 o - 341 stones (quivered)
Armour
 b - a +0 tower shield (worn)
 p - a +0 pair of gloves (worn)
 r - the +3 chain mail of the End {rPois Int+2}
   (Okawaru gifted it to you on level 5 of the Lair of Beasts)

   Int:       It affects your intelligence (+2).
   rPois:     It protects you from poison.
 t - a +2 cloak (worn)
 x - the +4 plate armour of Koeczat {rElec rF+}
   (You bought it in a shop in a bazaar)

   rF:        It protects you from fire.
   rElec:     It insulates you from electricity.
 K - the +0 plate armour "Goxabbo" (worn) {-Cast rF+++ Will+ SInv}
   (Okawaru gifted it to you on level 3 of the Lair of Beasts)

   rF:        It renders you almost immune to fire.
   SInv:      It lets you see invisible.
   -Cast:     It prevents spellcasting.
   Will:      It increases your willpower.
 P - a +2 hat of intelligence (worn)
Magical Staves
 m - the staff of air "Xushom" {rElec Int+3 Dex+4 Stlth+}
   (You found it on level 4 of the Shoals)

   [staff of air]

   Base accuracy: +5 Base damage: 5 Base attack delay: 1.2 This weapon's minimum
   attack delay (0.6) is reached at skill level 12.
   Int:       It affects your intelligence (+3).
   Dex:       It affects your dexterity (+4).
   rElec:     It insulates you from electricity.
   Stlth:     It makes you more stealthy.
   It falls into the 'Staves' category.
   It is a one-handed weapon.
Jewellery
 A - the ring "Fajas" (right hand) {rN+ Str+4 Dex+2}
   (You bought it in a shop on level 3 of the Dungeon)

   [ring of positive energy]

   Str:       It affects your strength (+4).
   Dex:       It affects your dexterity (+2).
   rN:        It protects you from negative energy.
 F - a ring of poison resistance
 H - the ring "Nisk" (left hand) {rC+ Will+ Dex+6}
   (You found it on level 5 of the Dungeon)

   [ring of dexterity]

   Dex:       It affects your dexterity (+6).
   rC:        It protects you from cold.
   Will:      It increases your willpower.
 M - a +6 ring of dexterity
 S - an amulet of reflection (around neck)
Wands
 f - a wand of digging (13)
 z - a wand of iceblast (9)
 T - a wand of mindburst (47)
Scrolls
 e - 3 scrolls of blinking
 l - 8 scrolls of poison
 u - 4 scrolls of fog
 v - 12 scrolls of teleportation
 w - 2 scrolls of brand weapon
 J - 3 scrolls of immolation
 Q - 3 scrolls of magic mapping
 R - 2 scrolls of silence
 V - 4 scrolls of fear
 W - 16 scrolls of identify
 Y - 2 scrolls of torment
Potions
 a - a potion of invisibility
 d - 8 potions of might
 g - 6 potions of flight
 h - 9 potions of brilliance
 i - 10 potions of curing
 j - 3 potions of cancellation
 k - 9 potions of haste
 q - 9 potions of lignification
 s - 3 potions of berserk rage
 D - 10 potions of ambrosia
 E - 12 potions of mutation
 G - a potion of magic
 L - 5 potions of resistance
 U - 3 potions of heal wounds
 X - 4 potions of attraction
Miscellaneous
 c - a phial of floods
 I - a lightning rod (4/4)


   Skills:
 * Level 18.8 Fighting
 * Level 15.4 Axes
 - Level 10.7 Armour
 * Level 17.0 Dodging
 + Level 15.2 Shields
 - Level 17.6 Invocations


You had 19 spell levels left.
You knew the following spells:

 Your Spells              Type           Power      Damage    Failure   Level
a - Apportation           Tloc           0%         N/A       100%        1

Your spell library contained the following spells:

 Spells                   Type           Power      Damage    Failure   Level
 Foxfire                  Conj/Fire      0%         2x1d4     100%        1
 Freeze                   Ice            0%         1d3       100%        1
 Magic Dart               Conj           0%         1d3       100%        1
 Necrotise                Necr           0%         1d4       100%        1
 Sandblast                Erth           0%         2d4       100%        1
 Slow                     Hex            0%         N/A       100%        1
 Blink                    Tloc           0%         N/A       100%        2
 Cigotuvi's Dreadful Rot  Necr/Pois/Air  0%         N/A       100%        2
 Ensorcelled Hibernation  Hex/Ice        0%         N/A       100%        2
 Lesser Beckoning         Tloc           0%         N/A       100%        2
 Momentum Strike          Conj/Tloc      0%         3d8       100%        2
 Passwall                 Tmut/Erth      0%         N/A       100%        2
 Poisonous Vapours        Pois/Air       0%         N/A       100%        2
 Searing Ray              Conj           0%         2d4       100%        2
 Sublimation of Blood     Necr           0%         N/A       100%        2
 Confusing Touch          Hex            0%         N/A       100%        3
 Dazzling Flash           Conj/Hex       0%         N/A       100%        3
 Frozen Ramparts          Ice            0%         1d1       100%        3
 Gell's Gravitas          Tloc           0%         N/A       100%        3
 Hailstorm                Conj/Ice       0%         3d3       100%        3
 Ignite Poison            Fire/Tmut/Pois 0%         N/A       100%        3
 Inner Flame              Hex/Fire       0%         N/A       100%        3
 Mephitic Cloud           Conj/Pois/Air  0%         N/A       100%        3
 Ozocubu's Armour         Ice            0%         N/A       100%        3
 Spider Form              Tmut/Pois      0%         N/A       100%        3
 Stone Arrow              Conj/Erth      0%         3d7       100%        3
 Teleport Other           Tloc           0%         N/A       100%        3
 Vampiric Draining        Necr           0%         2d6       100%        3
 Vhi's Electric Charge    Tloc/Air       0%         N/A       100%        3
 Volatile Blastmotes      Fire/Tloc      0%         2d10      100%        3
 Anguish                  Hex/Necr       0%         N/A       100%        4
 Fulminant Prism          Conj/Hex       0%         3d5       100%        4
 Ice Form                 Ice/Tmut       0%         N/A       100%        4
 Iskenderun's Mystic Bla  Conj/Tloc      0%         2d3       100%        4
 Petrify                  Tmut/Erth      0%         N/A       100%        4
 Agony                    Necr           0%         N/A       100%        5
 Alistair's Intoxication  Tmut/Pois      0%         N/A       100%        5
 Arcjolt                  Conj/Air       0%         1d10      100%        5
 Borgnjor's Vile Clutch   Necr/Erth      0%         N/A       100%        5
 Fireball                 Conj/Fire      0%         3d3       100%        5
 Freezing Cloud           Conj/Ice/Air   0%         6-21      100%        5
 Irradiate                Conj/Tmut      0%         3d11      100%        5
 Iskenderun's Battlesphe  Conj           0%         2d6       100%        5
 Metabolic Englaciation   Hex/Ice        0%         N/A       100%        5
 Silence                  Hex/Air        0%         N/A       100%        5
 Yara's Violent Unravell  Hex/Tmut       0%         3d3       100%        5
 Conjure Ball Lightning   Conj/Air       0%         3x3d6     100%        6
 Dispersal                Tloc           0%         N/A       100%        6
 Eringya's Noxious Bog    Tmut/Pois      0%         N/A       100%        6
 Plasma Beam              Fire/Air       0%         2x1d11    100%        6
 Starburst                Conj/Fire      0%         6d3       100%        6
 Enfeeble                 Hex            0%         N/A       100%        7
 Orb of Destruction       Conj           0%         9d5       100%        7
 Storm Form               Tmut/Air       0%         N/A       100%        7
 Lehudib's Crystal Spear  Conj/Erth      0%         10d2      100%        8
 Maxwell's Capacitive Co  Air            0%         ∞         100%        8
 Summon Small Mammal      Summ           Unusable   N/A       N/A         1
 Animate Armour           Summ/Erth      Unusable   N/A       N/A         4
 Animate Dead             Necr           Unusable   N/A       N/A         4
 Summon Lightning Spire   Summ/Air       Unusable   N/A       N/A         4
 Death Channel            Necr           Unusable   N/A       N/A         6
 Simulacrum               Ice/Necr       Unusable   N/A       N/A         6

Dungeon Overview and Level Annotations

Branches:
Dungeon (15/15)            Temple (0/1) D:4            Lair (5/5) D:11
 Shoals (4/4) Lair:2       Spider (4/4) Lair:3        Slime (0/5) Lair:4
    Orc (2/2) D:10            Elf (3/3) Orc:2        Vaults (2/5) D:13
  Crypt (0/3) Vaults:2     Depths (1/4) D:15          Sewer (visited)

Altars:
Hepliaklqana
Kikubaaqudgha
Nemelex Xobeh
Okawaru
Qazlal

Shops:
D:3 =   D:9 (   Orc:2 ![*!   Elf:1 !   Vaults:1 :

Annotations:
D:2 1 runed translucent door, Crazy Yiuf
Lair:4 1 runed translucent door
Shoals:1 1 runed translucent door, exclusion: downstairs, Rivvoal's ghost, adept GnFi
Elf:2 1 exclusion
Elf:3 1 runed translucent door, exclusion: door


Innate Abilities, Weirdness & Mutations

You have hooves in place of feet.
You are mostly covered in thin metallic scales. (AC +3)
You frequently emit foul miasma when damaged in melee.
Spells you cast may paralyse nearby enemies.
Your presence sometimes corrodes those you injure.


Message History

You kill the great orb of eyes!
Okawaru accepts your kill.
You slash the vampire knight!
You hit the ironbound thunderhulk but do no damage.
You feel extremely sick.
The vampire knight hits you with a +1 battleaxe of venom!!
You are more poisoned.
You block the vampire knight's attack.
Strange energies crackle from the ironbound thunderhulk's apparatus.
The ironbound thunderhulk blinks!
You are too injured to fight recklessly!
Unknown command.
You are too injured to fight recklessly!
You are too injured to fight recklessly!
You hit the vampire knight but do no damage.
You kick the vampire knight, but do no damage.
The vampire knight is severely damaged.
You feel extremely sick.
The vampire knight draws life force from you!
The vampire knight is healed by the life force!
You hit the vampire knight.
You kick the vampire knight, but do no damage.
The vampire knight is severely damaged.
You feel extremely sick. You block the vampire knight's attack.
The vampire knight misses you.
Electricity crackles from the ironbound thunderhulk's apparatus.
The bolt of lightning misses you. You block the vampire knight's attack.
The vampire knight closely misses you.
You feel very sick.
The vampire knight attacks as you move away!
You block the vampire knight's attack.
The vampire knight bites you but does no damage.
You feel very sick.
Electricity crackles from the ironbound thunderhulk's apparatus.
The bolt of lightning misses you.
You block the vampire knight's attack. x2
You feel much better.
You feel very sick.
Electricity crackles from the ironbound thunderhulk's apparatus.
The bolt of lightning hits you!!!
You die...

############..8...8..#
...........#.........#
.#.#.#.#.#.#.........#
...........#.........#
.#.#.#.#.#.#..8...8..#
........<..#.......O.#
.#.#.#.#.#.#.........#
...........#....@.[..#
.#.#.#.#.#.#..8.V.8..#
...........#.###'###.#
.#.#.#.#.#.#.#...).#.#
...........'.#.....#.#
##'#+#######.#..>..#.#
.......# #.#.....#.#
.......# #.#.....#.#
.......# #.#######.#


You could see an ironbound thunderhulk and a vampire knight (fast, invisible,
corroded).

Vanquished Creatures
  Arachne (Spider:2)
  3 deep elf blademasters (Elf:3)
  4 deep elf master archers (Elf:3)
  Polyphemus (Shoals:1)
  Donald (Lair:2)
  7 deep elf sorcerers (Elf:3)
  10 emperor scorpions
  7 ghost moths
  A vault warden (Vaults:1)
  9 deep elf elementalists
  Louise (Spider:2)
  A ghoul (Vaults:2)
  A very ugly thing (D:15)
  A stone giant (Depths:1)
  3 ironbound preservers (Vaults:1)
  4 broodmothers
  3 ironbound thunderhulks
  5 deep elf demonologists
  Nessos (Lair:3)
  11 dire elephants
  7 deep elf annihilators (Elf:3)
  A spark wasp (Spider:2)
  An ettin (Depths:1)
  5 deep elf death magi
  A yaktaur captain (Vaults:1)
  5 entropy weavers
  2 merfolk javelineers (Shoals:4)
  Josephine (D:13)
  4 deep elf high priests (Elf:3)
  2 fire dragons
  5 merfolk impalers
  An entropy weaver (shapeshifter) (Elf:3)
  2 ironbound frosthearts
  3 great orbs of eyes
  A jorogumo (Spider:4)
  12 hydras
  A catoblepas (Shoals:1)
  5 ogre magi
  7 boulder beetles
  4 merfolk avatars
  A radroach (Spider:3)
  2 alligator snapping turtles
  3 centaur warriors
  6 death yaks
  2 merfolk aquamancers (Shoals:4)
  10 dancing weapons
  4 satyrs
  22 two-headed ogres
  2 fire crabs
  5 skysharks
  13 deep elf knights
  6 sea snakes
  4 skeletal warriors (D:14)
  4 sun moths
  A death drake (shapeshifter) (Elf:1)
  5 pharaoh ants
  2 glowing orange brains
  7 deep trolls (Vaults:1)
  5 wizards
  8 orb spiders
  A swamp dragon (Lair:5)
  3 ironbound convokers
  2 steelbarb worms
  9 lindwurms
  An orc knight (Orc:1)
  7 deep elf archers
  23 deep elf zephyrmancers
  23 harpies
  A necromancer (Vaults:2)
  24 deep elf pyromancers
  An orc sorcerer (Elf:1)
  14 manticores
  11 ugly things
  29 wolf spiders
  A salamander (shapeshifter) (Elf:1)
  5 merfolk sirens
  3 moths of wrath
  6 cyclopes
  24 fauns
  8 vault sentinels
  10 elephants
  11 demonic crawlers
  4 black mambas
  An eye of devastation (shapeshifter) (Vaults:1)
  5 torpor snails
  7 water nymphs
  Maurice (D:12)
  4 gargoyles
  10 cane toads
  Psyche (D:10)
  A kobold demonologist (D:12)
  An unseen horror (D:11)
  12 yaktaurs
  4 rime drakes
  2 efreet
  7 komodo dragons
  A freezing wraith (D:12)
  7 trolls
  A tengu conjurer (D:15)
  28 merfolk
  3 hornets
  4 wind drakes
  3 meliai (Spider:4)
  12 polar bears
  10 blink frogs
  Grinder (D:3)
  7 snapping turtles
  35 tarantellas
  11 dream sheep
  25 jumping spiders
  4 raiju (Lair:5)
  2 air elementals
  21 slime creatures
  24 culicivoras
  3 water elementals
  7 wyverns
  A centaur simulacrum (D:15)
  6 wraiths
  2 fire bats
  2 vampires
  4 fire elementals
  42 yaks
  A basilisk (Lair:2)
  2 steam dragons
  A redback (shapeshifter) (D:15)
  63 redbacks
  8 wargs
  Edmund (D:6)
  Duvessa (D:6)
  13 hell hounds (Lair:5)
  5 acid dragons
  17 water moccasins
  18 orc warriors
  3 swamp drakes (Lair:5)
  12 black bears
  A sky beast (D:7)
  29 ogres
  8 centaurs
  19 wolves
  13 bullfrogs
  2 kobold brigands
  2 earth elementals
  2 gnoll sergeants
  6 scorpions
  8 wights
  Dowan (D:6)
  11 killer bees
  2 howler monkeys (D:10)
  6 hounds
  14 orc priests
  4 jellies
  2 gnoll boudas
  2 sleepcaps
  9 iguanas
  25 orc wizards
  6 hell rats (Lair:2)
  10 adders
  20 gnolls
  A river rat (Sewer)
  15 white imps
  3 worms
  A dart slug (D:5)
  59 orcs
  6 endoplasms
  6 giant cockroaches
  9 goblins
  10 hobgoblins
  7 jackals
  5 quokkas
  13 ball pythons
  7 bats
  5 frilled lizards
  20 kobolds
  7 rats
  A spectral hobgoblin (D:11)
  A bush (Lair:3)
1323 creatures vanquished.

Vanquished Creatures (others)
  A merfolk avatar (Shoals:4)
  2 deep elf knights
  2 deep elf pyromancers
  A deep elf zephyrmancer (Elf:1)
  A faun (Shoals:4)
  3 jumping spiders (Spider:1)
  A yak (D:10)
  A redback (Spider:4)
  An orc (D:10)
  17 fungi
  327 plants
357 creatures vanquished.

Grand Total: 1680 creatures vanquished

Notes
Turn   | Place    | Note
-------+----------+-------------------------------------------
     0 | D:1      | graymark the Demonspawn Fighter began the quest for the
                  | Orb.
     0 | D:1      | Reached XP level 1. HP: 18/18 MP: 1/1
   291 | D:1      | Gained mutation: You may rarely emit foul miasma when
                  | damaged in melee. [demonic ancestry]
   291 | D:1      | Reached XP level 2. HP: 24/24 MP: 2/2
   532 | D:1      | Gained mutation: You are partially covered in thin metallic
                  | scales. (AC +2) [demonic ancestry]
   532 | D:1      | Reached XP level 3. HP: 29/29 MP: 3/3
   752 | D:2      | Identified the +11 sling "Hudall" {antimagic, Dex+4}
  1110 | D:2      | Found a runed translucent door.
  1111 | D:2      | Noticed Crazy Yiuf
  1286 | D:2      | Found an iron altar of Okawaru.
  1294 | D:2      | Became a worshipper of Warmaster Okawaru
  1342 | D:2      | Reached XP level 4. HP: 37/37 MP: 1/4
  1465 | D:2      | Reached skill level 4 in Fighting
  1630 | D:2      | Found a faded altar of an unknown god.
  2046 | D:3      | Noticed Grinder
  2248 | D:3      | Found Jainigha's Jewellery Emporium.
  2331 | D:3      | Gained mutation: Spells you cast may paralyse adjacent
                  | enemies. [demonic ancestry]
  2331 | D:3      | Reached XP level 5. HP: 33/42 MP: 5/5
  2779 | D:4      | Found a staircase to the Ecumenical Temple.
  2831 | D:4      | Reached XP level 6. HP: 43/50 MP: 6/6
  2989 | D:4      | Reached skill level 5 in Fighting
  3005 | D:4      | Reached * piety under Okawaru
  3302 | D:4      | Gained mutation: You are mostly covered in thin metallic
                  | scales. (AC +3) [demonic ancestry]
  3302 | D:4      | Reached XP level 7. HP: 26/56 MP: 7/7
  3817 | D:5      | Entered Level 5 of the Dungeon
  4172 | D:5      | Identified the ring "Nisk" {rC+ Will+ Dex+6}
  4320 | D:5      | Reached skill level 6 in Fighting
  4355 | D:5      | Reached ** piety under Okawaru
  4459 | D:5      | Gained mutation: Spells you cast may paralyse nearby
                  | enemies. [demonic ancestry]
  4459 | D:5      | Reached XP level 8. HP: 45/65 MP: 8/8
  4837 | D:3      | Killed Grinder
  4838 | D:3      | Reached skill level 7 in Fighting
  5037 | D:6      | Noticed Edmund
  5051 | D:6      | Killed Edmund
  5051 | D:6      | Reached *** piety under Okawaru
  5052 | D:6      | Reached skill level 5 in Armour
  5052 | D:6      | Reached skill level 5 in Shields
  5073 | D:6      | Reached skill level 1 in Invocations
  5289 | D:6      | Found a glowing drain.
  5293 | Sewer    | Entered a sewer
  5720 | D:6      | Reached skill level 5 in Axes
  5945 | D:6      | Reached XP level 9. HP: 72/72 MP: 10/10
  6308 | D:6      | Noticed Duvessa
  6308 | D:6      | Noticed Dowan
  6352 | D:6      | Killed Dowan
  6372 | D:6      | Killed Duvessa
  6759 | D:7      | Reached skill level 8 in Fighting
  6952 | D:7      | Reached **** piety under Okawaru
  7411 | D:8      | Noticed a troll
  7422 | D:8      | Killed a troll
  7849 | D:8      | Gained mutation: You have large cloven feet. [demonic
                  | ancestry]
  7849 | D:8      | Reached XP level 10. HP: 82/82 MP: 13/13
  8527 | D:8      | Paralysed by a hornet for 1 turns
  8851 | D:9      | Found a stormy altar of Qazlal.
  8906 | D:9      | Reached skill level 9 in Fighting
  8918 | D:9      | Reached skill level 5 in Invocations
  8926 | D:9      | Received a gift from Okawaru
  9488 | D:9      | Received a gift from Okawaru
  9671 | D:9      | Found Hene Aceo's Hydra Hut.
  9672 | D:9      | Noticed a four-headed hydra
  9690 | D:9      | Found a sparkling altar of Nemelex Xobeh.
  9901 | D:9      | Bought a +0 war axe of flaming for 99 gold pieces
 10414 | D:10     | Entered Level 10 of the Dungeon
 10459 | D:10     | Noticed Psyche
 10488 | D:10     | Gained mutation: You sometimes emit foul miasma when
                  | damaged in melee. [demonic ancestry]
 10488 | D:10     | Reached XP level 11. HP: 72/90 MP: 7/15
 10500 | D:10     | Killed Psyche
 10664 | D:10     | Noticed a centaur warrior
 10679 | D:10     | Killed a centaur warrior
 10705 | D:10     | Noticed a brown ugly thing
 10989 | D:10     | Killed a brown ugly thing
 10990 | D:10     | Reached skill level 10 in Fighting
 11104 | D:10     | Found a staircase to the Orcish Mines.
 11588 | D:3      | Bought the ring "Fajas" {rN+ Str+4 Dex+2} for 435 gold
                  | pieces
 11893 | D:11     | Found a frozen archway.
 12017 | D:11     | Found a staircase to the Lair.
 12017 | D:11     | Noticed a two-headed ogre
 12023 | D:11     | Killed a two-headed ogre
 12024 | D:11     | Reached skill level 1 in Dodging
 12776 | D:11     | Found a hazy altar of Hepliaklqana.
 13008 | D:11     | Received a gift from Okawaru
 13101 | Lair:1   | Entered Level 1 of the Lair of Beasts
 13357 | Lair:1   | Reached ***** piety under Okawaru
 13395 | Lair:1   | Noticed a boulder beetle
 13444 | Lair:1   | Killed a boulder beetle
 13491 | Lair:1   | Noticed a death yak
 13502 | Lair:1   | Noticed a death yak
 13502 | Lair:1   | Noticed a death yak
 13514 | Lair:1   | Killed a death yak
 13529 | Lair:1   | Killed a death yak
 13530 | Lair:1   | Reached skill level 11 in Fighting
 13530 | Lair:1   | Gained mutation: You frequently emit foul miasma when
                  | damaged in melee. [demonic ancestry]
 13530 | Lair:1   | Reached XP level 12. HP: 100/100 MP: 10/17
 13534 | Lair:1   | Killed a death yak
 14566 | Lair:2   | Reached skill level 5 in Dodging
 14568 | Lair:2   | Found a staircase to the Shoals.
 14913 | Lair:2   | Noticed an eight-headed hydra
 14920 | Lair:2   | Killed a five-headed hydra
 15237 | Lair:3   | Noticed a five-headed hydra
 15248 | Lair:3   | Killed a one-headed hydra
 15258 | Lair:3   | Noticed Nessos
 15268 | Lair:3   | Reached skill level 10 in Axes
 15275 | Lair:3   | Killed Nessos
 15276 | Lair:3   | Reached skill level 12 in Fighting
 15367 | Lair:3   | Noticed an eight-headed hydra
 15406 | Lair:3   | Identified the +0 plate armour "Goxabbo" {-Cast rF+++ Will+
                  | SInv} (Okawaru gifted it to you on level 3 of the Lair of
                  | Beasts)
 15406 | Lair:3   | Received a gift from Okawaru
 15530 | Lair:3   | Killed a four-headed hydra
 15644 | Lair:3   | Noticed an eight-headed hydra
 15652 | Lair:3   | Killed a three-headed hydra
 15801 | Lair:3   | Found a hole to the Spider Nest.
 16010 | Lair:3   | Reached XP level 13. HP: 108/108 MP: 19/19
 16021 | Lair:3   | Noticed a dire elephant
 16036 | Lair:3   | Killed a dire elephant
 16455 | Lair:3   | Found the +7 mace of Variability {chaos, chaos arc}
 17220 | Lair:3   | Reached skill level 10 in Invocations
 17446 | Lair:4   | Identified the +3 flail "Faseoschul" {drain, rF+ rC+}
                  | (Okawaru gifted it to you on level 4 of the Lair of Beasts)
 17446 | Lair:4   | Received a gift from Okawaru
 17659 | Lair:4   | Found a runed translucent door.
 17662 | Lair:4   | Noticed an azure jelly
 17856 | Lair:4   | Found a staircase to the Slime Pits.
 17856 | Lair:4   | Noticed an azure jelly
 17856 | Lair:4   | Noticed an azure jelly
 17856 | Lair:4   | Noticed an azure jelly
 18212 | Lair:5   | Entered Level 5 of the Lair of Beasts
 18734 | Lair:5   | Reached skill level 10 in Armour
 18789 | Lair:5   | Reached skill level 13 in Fighting
 18805 | Lair:5   | Gained mutation: You have hoof-like feet. [demonic
                  | ancestry]
 18805 | Lair:5   | Reached XP level 14. HP: 74/118 MP: 22/22
 19154 | Lair:5   | Identified the +3 chain mail of the End {rPois Int+2}
                  | (Okawaru gifted it to you on level 5 of the Lair of Beasts)
 19154 | Lair:5   | Received a gift from Okawaru
 21344 | Orc:1    | Entered Level 1 of the Orcish Mines
 21691 | Orc:2    | Entered Level 2 of the Orcish Mines
 21864 | Orc:2    | Found a staircase to the Elven Halls.
 22497 | Orc:2    | Reached skill level 10 in Dodging
 23148 | Orc:2    | Found Cutwoxeu's Distillery.
 23148 | Orc:2    | Found Xinifoxa's Antique Armour Shoppe.
 23148 | Orc:2    | Found Zoj Raly's General Store.
 23148 | Orc:2    | Found Geuren's Distillery.
 23404 | Orc:2    | Bought a potion of heal wounds for 85 gold pieces
 23404 | Orc:2    | Bought a potion of curing for 51 gold pieces
 23406 | Orc:2    | Bought 2 potions of heal wounds for 150 gold pieces
 23406 | Orc:2    | Bought a potion of heal wounds for 75 gold pieces
 23406 | Orc:2    | Bought a potion of curing for 45 gold pieces
 23540 | Orc:2    | Bought 2 potions of experience for 1500 gold pieces
 23541 | Orc:2    | Reached XP level 15. HP: 125/125 MP: 24/24
 23542 | Orc:2    | Reached XP level 16. HP: 132/132 MP: 25/25
 23666 | Shoals:1 | Entered Level 1 of the Shoals
 23666 | Shoals:1 | Noticed Donald
 23913 | Lair:2   | Killed Donald
 24587 | D:12     | Reached skill level 14 in Fighting
 24659 | D:12     | Noticed Maurice
 24671 | D:12     | Killed Maurice
 25484 | D:12     | Received a gift from Okawaru
 25732 | D:13     | Reached XP level 17. HP: 132/139 MP: 26/26
 25841 | D:13     | Noticed Josephine
 25851 | D:13     | Killed Josephine
 25960 | D:13     | Found a gate to the Vaults.
 26234 | D:13     | Reached skill level 10 in Shields
 27402 | D:14     | Learned a level 1 spell: Apportation
 27616 | D:15     | Entered Level 15 of the Dungeon
 29159 | D:15     | Found a staircase to the Depths.
 29780 | Shoals:1 | Found a runed translucent door.
 29782 | Shoals:1 | Noticed Rivvoal's ghost (adept GnFi)
 30685 | Shoals:2 | Noticed Polyphemus
 30831 | Shoals:1 | Killed Polyphemus
 31381 | Elf:1    | Entered Level 1 of the Elven Halls
 31406 | Elf:1    | Received a gift from Okawaru
 31779 | Elf:1    | Reached skill level 15 in Fighting
 32435 | Elf:1    | Found Daoxojimn's Distillery.
 33158 | Elf:2    | Paralysed by an air elemental for 1 turns
 33162 | Elf:2    | Paralysed by an air elemental for 1 turns
 33172 | Elf:2    | Noticed a Hell Sentinel
 33192 | Elf:2    | Noticed a Tzitzimitl
 33453 | Elf:2    | Reached skill level 15 in Invocations
 33454 | Elf:2    | Gained mutation: You have hooves in place of feet. [demonic
                  | ancestry]
 33454 | Elf:2    | Reached XP level 18. HP: 138/149 MP: 27/29
 33999 | Depths:1 | Entered Level 1 of the Depths
 34725 | Elf:3    | Entered Level 3 of the Elven Halls
 35870 | Elf:3    | Found a runed translucent door.
 36055 | Elf:3    | Paralysed by an air elemental for 1 turns
 36300 | Elf:3    | Found an ancient bone altar of Kikubaaqudgha.
 37680 | Elf:3    | Received a gift from Okawaru
 37680 | Elf:3    | Found the +4 skin of Zhor {*Englaciate rC+++ SInv}
 37755 | Elf:3    | Identified the +0 ring mail "Plog" {Harm rC+ Str-2}
 37914 | Elf:3    | Reached skill level 16 in Fighting
 38215 | Elf:3    | Identified the +5 short sword "Goblinslayer" {pain, Dex+3
                  | Stlth+}
 38428 | Elf:3    | Identified the staff of fire "Uxamad" {Fragile rElec rF+
                  | rN++ Int+4}
 39371 | Shoals:2 | Reached XP level 19. HP: 147/157 MP: 31/31
 41165 | Shoals:4 | Entered Level 4 of the Shoals
 41421 | Shoals:4 | Identified the staff of air "Xushom" {rElec Int+3 Dex+4
                  | Stlth+}
 41514 | Shoals:4 | Reached skill level 15 in Dodging
 41542 | Shoals:4 | Found a flickering gateway to a bazaar.
 41558 | Bazaar   | Entered a bazaar
 41605 | Bazaar   | Found Luyskozi's Armour Emporium.
 41606 | Bazaar   | Found Lovinor's Weapon Emporium.
 41649 | Bazaar   | Found Edoarat's Armour Shoppe.
 41649 | Bazaar   | Found Xugiotac's Antique Weapon Shoppe.
 41688 | Bazaar   | Bought the +4 plate armour of Koeczat {rElec rF+} for 704
                  | gold pieces
 42628 | Shoals:4 | Got a barnacled rune of Zot
 43458 | Shoals:4 | Reached skill level 17 in Fighting
 43650 | Spider:1 | Entered Level 1 of the Spider Nest
 45168 | Spider:2 | Noticed Arachne
 45188 | Spider:2 | Killed Arachne
 45500 | Spider:2 | Identified the +9 flail of Beogh's Hope {flame, *Corrode
                  | rPois rC+++ Str+3}
 45628 | Spider:2 | Identified the +4 broad axe "Buhuplez" {drain, +Blink
                  | rCorr} (Okawaru gifted it to you on level 2 of the Spider
                  | Nest)
 45628 | Spider:2 | Received a gift from Okawaru
 45780 | Spider:2 | Reached XP level 20. HP: 67/168 MP: 1/32
 46850 | Spider:3 | Noticed Louise
 47059 | Spider:2 | Killed Louise
 47822 | Spider:3 | Identified the +0 arbalest "Xutawk" {heavy, Int+3}
 48038 | Spider:4 | Entered Level 4 of the Spider Nest
 49281 | Spider:4 | Reached skill level 18 in Fighting
 49929 | Spider:4 | Received a gift from Okawaru
 50134 | Spider:4 | Got a gossamer rune of Zot
 50728 | Vaults:1 | Entered Level 1 of the Vaults
 50768 | Vaults:1 | Found Kizaock's Book Emporium.
 50852 | Vaults:1 | Reached ****** piety under Okawaru
 50852 | Vaults:1 | Received a gift from Okawaru
 51385 | Vaults:1 | Reached skill level 15 in Axes
 52131 | Vaults:1 | Reached skill level 15 in Shields
 52576 | Vaults:2 | Gained mutation: Your presence sometimes corrodes those you
                  | injure. [demonic ancestry]
 52576 | Vaults:2 | Reached XP level 21. HP: 108/178 MP: 33/33
 53394 | Vaults:2 | Found a staircase to the Crypt.
 53420 | Vaults:2 | Killed from afar by an ironbound thunderhulk

Illustrated notes

Levels and vault maps discovered:
D:1:      psy_arrival_conway, layout_basic, hex_large
D:2:      layout_loops_ring, hellmonk_ecumenical_altar_lost_god, basic_altar,
          uniq_crazy_yiuf_cottage
D:3:      layout_loops_corners, serial_shops, shop, grunt_ministairs_10,
          uniq_grinder
D:4:      layout_loops_ring, minmay_temple_entry_glass
D:5:      layout_basic, grunt_decor_fettered, chequers_serial_rivers_small_b
D:6:      layout_gridville, gup_sewer_entry_spiral, uniq_duvessa, uniq_edmund
D:7:      layout_rooms
D:8:      layout_basic
D:9:      layout_irregular_city, lemuel_coloured_pillars_altar,
          nicolae_qazlal_general_emergency, nemelex_altar_shiori,
          enter_bailey_4, chequers_arboretum, doesnt_shop_hydraphobe
D:10:     layout_loops_ring, erik_orc_4, kennysheep_flooded_box, uniq_psyche
D:11:     layout_layer_cave, lair_entry_dummy, portal_ice_cave_entry_imps,
          nicolae_hepliaklqana_monster_ancestors
D:12:     layout_loops_corners, uniq_maurice
D:13:     layout_stronghold, erik_vaults_1, uniq_josephine
D:14:     layout_basic, minmay_staircase_statues
D:15:     gammafunk_enter_depths_forms, layout_cave_pools, nicolae_eternal_life,
          serial_bayou_lagoon_a
Lair:1:   layout_chaotic_city, infiniplex_staircase_pool, lemuel_fruit_tree
Lair:2:   layout_small_grid, minmay_shoals_entry_centaurs, grunt_megastairs_4
Lair:3:   nzn_winding_woodlands_large [nzn_winding_woodlands_hourglass,
          nzn_winding_woodlands_5x15_river_crossing,
          nzn_winding_woodlands_5x5_default,
          nzn_winding_woodlands_center_diamonds,
          nzn_winding_woodlands_15x15_killbox,
          nzn_winding_woodlands_center_triple_pond,
          nzn_winding_woodlands_5x5_default, nzn_winding_woodlands_5x15_default,
          nzn_winding_woodlands_5x5_three], layout_small_grid,
          dummy_spider_entry, serial_forest, infiniplex_forest_corner_1,
          infiniplex_forest_end_2, infiniplex_forest_lined_room_2,
          infiniplex_forest_lined_corner, infiniplex_forest_straight_2,
          infiniplex_forest_end_1, infiniplex_forest_lined_1, uniq_nessos
Lair:4:   layout_regular_city, slime_entry_2, grunt_megastairs_3
Lair:5:   guppyfry_lair_end_dragon, layout_regular_city,
          hangedman_lair_caniforms_friends
Shoals:1: layout_shoals, ebering_ghost_inner_flame, uniq_donald
Shoals:2: layout_shoals, hangedman_shoal_volcano, uniq_polyphemus
Shoals:3: layout_shoals
Shoals:4: shoals_end_grunt_garden, layout_shoals, serial_shops, bzr_in_the_mist
Spider:1: layout_spider_delve, nicolae_spider_moth_buddies
Spider:2: layout_chambers, drop_trap, nicolae_spider_cling_ruins, uniq_arachne
Spider:3: layout_spider_delve, uniq_louise
Spider:4: guppyfry_spider_rune
Orc:1:    layout_diamond_mine
Orc:2:    st_orc_ogre_mass, layout_diamond_mine, basic_altar
Elf:1:    layout_loops_corners, serial_shops, nicolae_take_the_stairs,
          minivault_28
Elf:2:    nicolae_elf_blades_splatter_lattice [nicolae_blade_lattice],
          layout_rooms
Elf:3:    minmay_elf_hall_furrowed, layout_geoelf_diagonals,
          nicolae_danse_macabre
Vaults:1: nicolae_vaults_twisting_passages, v_rooms_6, hangedman_vaults_snaps,
          nicolae_vaults_three_branches, v_misc_28, v_alt_pattern_6,
          vaults_mumra_lcd, vaults_dpeg_ring, grunt_vaults_hallway_short,
          layout_vaults_big_room, serial_shops, shop
Vaults:2: minmay_crypt_entry_simple_plaza, vaults_room_hallway, v_misc_11,
          nicolae_vaults_fighting_squares, v_alt_pattern_1,
          ontoclasm_vaults_gateway, nicolae_vaults_network_quinsquares
          [nicolae_vaults_network_quincunx_subvault,
          nicolae_vaults_network_quincunx_subvault,
          nicolae_vaults_network_quincunx_subvault,
          nicolae_vaults_network_quincunx_subvault], grunt_vaults_twisty,
          nicolae_vaults_stairing_the_circle, vaults_dpeg_diagonal,
          ontoclasm_vaults_idyll, v_misc_29, layout_vaults_omnibox
Depths:1: dreamdust_merry_men, layout_long_grid, lightli_too_deep,
          nicolae_dithmenos_through_a_glass_darkly, serial_nicolae_subway,
          nicolae_sub_station_metal, nicolae_sub_station_crystal,
          nicolae_sub_station_stone, minmay_shop_grove, uniq_nikola

Skill      XL: |  1  2  3  4  5  6  7  8  9 10 11 12 13 14 15 16 17 18 19 20 21 |
---------------+----------------------------------------------------------------+-----
Axes           | 2 3 4 5 6 7 9 10 11 12 13 15 | 15.4
Shields        | 3 4 5 6 7 8 9 11 12 13 15 | 15.2
Armour         | 3 4 5 6 7 8 10 | 10.7
Fighting       | 4 5 6 7 8 9 11 12 13 14 15 16 17 18 | 18.8
Invocations    | 2 4 5 7 9 10 12 13 15 16 17 | 17.6
Dodging        | 3 6 8 11 13 14 15 16 17 | 17.0

Action                     |  1- 3 |  4- 6 |  7- 9 | 10-12 | 13-15 | 16-18 | 19-21 || total
---------------------------+-------+-------+-------+-------+-------+-------+-------++-------
  Melee: War axe           |   103 |   131 |   447 |   769 |   896 |  1418 |  2125 ||  5889
         Kick              |       |       |       |       |       |   250 |  1116 ||  1366
   Fire: Sling             |     4 |     7 |     6 |       |       |     8 |    49 ||    74
  Throw: Stone             |       |       |       |       |     1 |     6 |     4 ||    11
 Invoke: Heroism           |       |       |     3 |    15 |    11 |    26 |     9 ||    64
         Finesse           |       |       |     1 |     4 |     1 |    11 |     3 ||    20
  Evoke: Wand              |       |       |     5 |    10 |     4 |     3 |    18 ||    40
         Phial of floods   |       |       |       |       |       |     2 |     1 ||     3
    Use: Scroll            |       |     6 |     5 |    15 |    11 |    18 |     5 ||    60
         Potion            |       |       |     1 |       |    10 |    13 |     7 ||    31
   Stab: Invisible         |       |       |       |       |       |     9 |       ||     9
         Petrified         |       |       |       |       |       |     5 |       ||     5
 Armour: Scale mail        |    60 |    95 |   174 |   117 |       |       |       ||   446
         Chain mail        |       |       |       |   187 |    93 |   126 |   584 ||   990
         Plate armour      |       |       |       |    19 |   243 |   252 |   206 ||   720
  Dodge: Dodged            |    57 |    60 |   285 |   458 |   408 |   511 |  1206 ||  2985
  Block: Buckler           |    28 |    38 |   172 |   422 |    21 |       |       ||   681
         Reflection        |       |       |       |    11 |     6 |   121 |   100 ||   238
         Kite shield       |       |       |       |       |   733 |  1265 |  1671 ||  3669
         Tower shield      |       |       |       |       |       |       |  1461 ||  1461

Table legend: (Time is in decaauts)
 A = Elapsed time spent in this place.
 B = Non-inter-level travel time spent in this place.
 C = Inter-level travel time spent in this place.
 D = Time resting spent in this place.
 E = Time spent auto-exploring this place.
 F = Levels seen in this place.
 G = Mean time per level.
                   A        B        C        D        E       F      G
               +--------+--------+--------+--------+--------+-----+--------+
         Total |  53973 |  49555 |   4418 |  14213 |  22900 |  38 | 1420.3 |
       Dungeon |  18685 |  16708 |   1977 |   3355 |   9976 |  15 | 1245.7 |
          Lair |   9280 |   8349 |    931 |   2206 |   4038 |   5 | 1856.0 |
        Shoals |   7139 |   6696 |    443 |   2821 |   2031 |   4 | 1784.8 |
   Spider Nest |   6837 |   6561 |    276 |   2080 |   2650 |   4 | 1709.2 |
  Orcish Mines |   2478 |   2143 |    335 |    427 |   1023 |   2 | 1239.0 |
   Elven Halls |   6726 |   6458 |    268 |   3150 |   1641 |   3 | 2242.0 |
        Vaults |   2296 |   2121 |    175 |    173 |   1309 |   2 | 1148.0 |
        Depths |     45 |     36 |      9 |      0 |      0 |   1 |   45.0 |
        Bazaar |    140 |    140 |      0 |      0 |    108 |   1 |  140.0 |
         Sewer |    344 |    344 |      0 |      0 |    124 |   1 |  344.0 |
               +--------+--------+--------+--------+--------+-----+--------+

Top non-repeatable levels by time:
  Lair:5: 3105 daAuts
   Elf:3: 2858 daAuts
  Lair:3: 2471 daAuts
Shoals:1: 2358 daAuts
Spider:4: 2276 daAuts
Spider:2: 2039 daAuts
   Elf:1: 1936 daAuts
   Elf:2: 1931 daAuts
   Orc:2: 1883 daAuts
Shoals:4: 1835 daAuts
Vaults:1: 1733 daAuts
     D:9: 1662 daAuts
Shoals:2: 1533 daAuts
    D:11: 1514 daAuts
     D:6: 1479 daAuts
